 Dungeon Crawl Stone Soup version 0.26.0-16-gc1dbca0489 (webtiles) character file.

Game seed: 11007112196284890202

63 EnegeticOcto the Insei (level 4, 0/34 HPs)
             Began as a Gnoll Transmuter on Jan 18, 2021.
             Slain by an orc wizard
             ... wielding a +0 dagger
              (4 damage)
             ... on level 4 of the Dungeon.
             The game lasted 00:02:27 (309 turns).

EnegeticOcto the Insei (Gnoll Transmuter)            Turns: 309, Time: 00:02:27

Health: 0/34       AC:  2    Str: 12    XL:     4   Next: 9%
Magic:  8/11       EV: 23    Int: 17    God:
Gold:   23         SH:  0    Dex: 20    Spells: 9/13 levels left

rFire    . . .     SeeInvis .     - Unarmed
rCold    . . .     Faith    .   (shield currently unavailable)
rNeg     . . .     Spirit   .   (armour currently unavailable)
rPois    x         Reflect  .   (helmet currently unavailable)
rElec    .         Harm     .   (cloak currently unavailable)
rCorr    .         Rampage  .   (gloves currently unavailable)
Will     .....                  (boots currently unavailable)
Stlth    ++........             (no amulet)
HPRegen  0.11/turn              (no ring)
MPRegen  0.12/turn              (no ring)

@: spider-form (expiring)
A: tiny, distributed training, strong nose
a: End Transformation


You were on level 4 of the Dungeon.
You were a venomous arachnid creature.
You visited 1 branch of the dungeon, and saw 4 of its levels.

You collected 23 gold pieces.

Inventory:

Missiles
 c - 5 boomerangs of dispersal
Armour
 a - a +0 robe (melded)
Jewellery
 f - an uncursed ring of fire
   (You found it on level 3 of the Dungeon)
Scrolls
 b - a scroll of enchant armour {unknown}
 e - 3 scrolls of enchant weapon {unknown}
 g - a scroll of identify {unknown}
 h - a scroll of fear {unknown}
Potions
 d - a potion of magic {unknown}


   Skills:
 + Level 2.7 Fighting
 + Level 1.0 Short Blades
 + Level 1.0 Long Blades
 + Level 1.0 Axes
 + Level 1.0 Maces & Flails
 + Level 1.0 Polearms
 + Level 1.0 Staves
 + Level 1.0 Slings
 + Level 1.0 Bows
 + Level 1.0 Crossbows
 + Level 1.0 Throwing
 + Level 1.0 Armour
 + Level 4.6 Dodging
 + Level 1.0 Stealth
 + Level 1.0 Shields
 + Level 6.6 Unarmed Combat
 + Level 5.0 Spellcasting
 + Level 0.8 Conjurations
 + Level 0.8 Hexes
 + Level 0.8 Summonings
 + Level 0.8 Necromancy
 + Level 0.8 Translocations
 + Level 3.8 Transmutations
 + Level 0.8 Fire Magic
 + Level 0.8 Ice Magic
 + Level 0.8 Air Magic
 + Level 0.8 Earth Magic
 + Level 0.8 Poison Magic
 + Level 1.1 Invocations
 + Level 1.0 Evocations


You had 9 spell levels left.
You knew the following spells:

 Your Spells              Type           Power        Failure   Level
b - Beastly Appendage     Tmut           34%          11%         1
c - Spider Form           Tmut/Pois      6%           34%         3

Your spell library contained the following spells:

 Spells                   Type           Power        Failure   Level
 Wereblood                Tmut           17%          13%         2
 Ice Form                 Ice/Tmut       12%          69%         4
 Blade Hands              Tmut           8%           82%         5


Dungeon Overview and Level Annotations

Branches:
Dungeon (4/15)
 Temple: D:4-7

Altars:


Innate Abilities, Weirdness & Mutations

Your experience applies equally to all skills.
((You have very sharp teeth.))
Your uncanny sense of smell can sniff out nearby items.


Message History

An orc comes into view. It is wielding a +0 flail.
The orc shouts!
The adder hisses angrily.
An orc comes into view. It is wielding a +0 flail.
An orc wizard comes into view. It is wielding a +0 dagger.
Casting: Beastly Appendage (safe; 3% risk of failure)
Confirm with . or Enter, or press ? or * to list all spells.
The spell is quite dangerous to cast (19% risk of failure)!
Continue anyway?
Your horns disappear.
Your talons disappear.
You turn into a venomous arachnid creature.
Your +0 robe melds into your body.
The orc wizard shouts!
The orc shouts!
The leopard gecko hisses angrily.
You hit the adder.
The adder is poisoned.
The adder is heavily wounded.
The adder bites you.
You hit the adder.
You kill the adder!
Your Invocations skill increases to level 1!
A centaur skeleton comes into view.
You barely miss the orc. You hit the orc.
The orc is lightly wounded.
The leopard gecko bites you but does no damage.
The orc wizard gestures at itself while chanting.
The orc wizard flickers and vanishes!
Deactivating autopickup; reactivate with Ctrl-A.
An orc wizard comes into view. It is wielding a +0 dagger.
An orc comes into view. It is wielding a -3 short sword.
The orc closely misses you. The orc completely misses you.
The leopard gecko misses you.
You closely miss the leopard gecko.
The leopard gecko completely misses you.
You hit the leopard gecko.
The leopard gecko is poisoned.
The leopard gecko is heavily wounded.
The leopard gecko closely misses you.
The orc wizard shouts!
You hit the leopard gecko but do no damage.
The leopard gecko looks as sick as possible!
The leopard gecko is severely wounded.
The leopard gecko misses you.
The orc wizard casts a spell.
The orc wizard blinks!
You closely miss the leopard gecko.
The leopard gecko is severely wounded.
The leopard gecko bites you.
You hit the leopard gecko but do no damage.
The leopard gecko looks as sick as possible!
The leopard gecko is almost dead.
You kill the leopard gecko!
The orc wizard gestures wildly while chanting.
The orc wizard seems to speed up.
You bite the orc!
You kill the orc!
Your transformation is almost over.
You bite something! The centaur skeleton misses you.
You barely miss something. The centaur skeleton hits you.
Something barely misses you.
The centaur skeleton closely misses you.
You closely miss something. Something hits you.
The centaur skeleton misses you.
You closely miss something.
You hear some strange, mumbled words.
A puff of flame appears from out of thin air!
The puff of flame hits you!
* * * LOW HITPOINT WARNING * * *
The centaur skeleton completely misses you.
The orc wizard points at you and mumbles some strange words.
The magic dart hits something!
Reactivating autopickup.
You feel a bit more experienced.
Your Short Blades skill increases to level 1!
Your Long Blades skill increases to level 1!
Your Axes skill increases to level 1!
Your Maces & Flails skill increases to level 1!
Your Polearms skill increases to level 1!
Your Staves skill increases to level 1!
Your Slings skill increases to level 1!
Your Bows skill increases to level 1!
Your Crossbows skill increases to level 1!
Your Throwing skill increases to level 1!
Your Armour skill increases to level 1!
Your Stealth skill increases to level 1!
Your Shields skill increases to level 1!
Your Evocations skill increases to level 1!
You have reached level 4!
You feel clever.
You bite the centaur skeleton!
The centaur skeleton is heavily damaged.
The centaur skeleton barely misses you.
You hit the centaur skeleton.
The centaur skeleton is severely damaged.
The centaur skeleton misses you.
You hit the orc wizard.
The orc wizard is poisoned.
The orc wizard is lightly wounded.
You closely miss the orc wizard.
The orc wizard is lightly wounded.
The orc wizard barely misses you. The orc wizard completely misses you.
You closely miss the orc wizard.
The orc wizard is lightly wounded.
The orc wizard hits you with a +0 dagger.
You die...

..........# ..
#.........# ...
##..$..?...# ...
.........[# #.#
#.........# #..#
∆ #.......o##..#
###......Zo#..#
##....#...##o.#
##..........#s##
#....(........#
#............##
#............# ∆
##.>............
##...#....#.....
#...##.##.......
#... ..####.....
#....### .....


You could see an orc wizard (fast, very poisoned) and 2 orcs.

Vanquished Creatures
  A hound skeleton (D:4)
  2 adders
  A worm (D:2)
  A leopard gecko (D:4)
  3 orcs
  A hobgoblin (D:2)
  2 kobolds
  A bat (D:2)
  2 frilled lizards
  A rat (D:2)
15 creatures vanquished.

Vanquished Creatures (others)
  An orc wizard (D:4)
1 creature vanquished.

Grand Total: 16 creatures vanquished

Notes
Turn   | Place    | Note
-------+----------+-------------------------------------------
     0 | D:1      | EnegeticOcto the Gnoll Transmuter began the quest for the
                  | Orb.
     0 | D:1      | Reached XP level 1. HP: 17/17 MP: 6/6
    56 | D:2      | Reached XP level 2. HP: 23/23 MP: 5/7
   247 | D:4      | Noticed an ogre
   275 | D:4      | Reached skill level 5 in Spellcasting
   275 | D:4      | Reached XP level 3. HP: 23/28 MP: 6/9
   279 | D:4      | Learned a level 3 spell: Spider Form
   288 | D:4      | Reached skill level 1 in Invocations
   304 | D:4      | Reached skill level 1 in Short Blades
   304 | D:4      | Reached skill level 1 in Long Blades
   304 | D:4      | Reached skill level 1 in Axes
   304 | D:4      | Reached skill level 1 in Maces & Flails
   304 | D:4      | Reached skill level 1 in Polearms
   304 | D:4      | Reached skill level 1 in Staves
   304 | D:4      | Reached skill level 1 in Slings
   304 | D:4      | Reached skill level 1 in Bows
   304 | D:4      | Reached skill level 1 in Crossbows
   304 | D:4      | Reached skill level 1 in Throwing
   304 | D:4      | Reached skill level 1 in Armour
   304 | D:4      | Reached skill level 1 in Stealth
   304 | D:4      | Reached skill level 1 in Shields
   304 | D:4      | Reached skill level 1 in Evocations
   304 | D:4      | Reached XP level 4. HP: 3/34 MP: 7/11
   309 | D:4      | Slain by an orc wizard

Illustrated notes

Levels and vault maps discovered:
D:1:      scummos_arrival_star, layout_basic
D:2:      layout_basic, lemuel_round_altar, uniq_robin
D:3:      layout_loops_ring, kennysheep_nub, uniq_sigmund
D:4:      layout_rooms, lemuel_another_geyser

Skill      XL: |  1  2  3 |
---------------+----------+-----
Spellcasting   | 5 |  5.0
Invocations    | 1 |  1.1
Short Blades   | 1 |  1.0
Long Blades    | 1 |  1.0
Axes           | 1 |  1.0
Maces & Flails | 1 |  1.0
Polearms       | 1 |  1.0
Staves         | 1 |  1.0
Slings         | 1 |  1.0
Bows           | 1 |  1.0
Crossbows      | 1 |  1.0
Throwing       | 1 |  1.0
Armour         | 1 |  1.0
Stealth        | 1 |  1.0
Shields        | 1 |  1.0
Evocations     | 1 |  1.0
Fighting       | |  2.7
Dodging        | |  4.6
Unarmed Combat | |  6.6
Conjurations   | |  0.8
Hexes          | |  0.8
Summonings     | |  0.8
Necromancy     | |  0.8
Translocations | |  0.8
Transmutations | |  3.8
Fire Magic     | |  0.8
Ice Magic      | |  0.8
Air Magic      | |  0.8
Earth Magic    | |  0.8
Poison Magic   | |  0.8

Action                   |  1- 3 |  4- 6 || total
-------------------------+-------+-------++-------
Melee: Unarmed           |    43 |     5 ||    48
       Kick              |     6 |       ||     6
       Headbutt          |     3 |       ||     3
       Punch             |     1 |       ||     1
       Bite              |     1 |       ||     1
 Cast: Beastly Appendage |     8 |       ||     8
       Spider Form       |     1 |       ||     1
 Stab: Sleeping          |     1 |       ||     1
Armor: Robe              |     1 |       ||     1
       Skin              |     1 |       ||     1
Dodge: Dodged            |    24 |     4 ||    28
